 Dungeon Crawl Stone Soup version 0.25-a0-577-ga4619f409e (webtiles) character file.

Game seed: 16533599069292538548, levelgen mode: deterministic

96 An17 the Sneak (level 4, 0/24 HPs)
             Began as a Vampire Enchanter on Mar 2, 2020.
             Slain by an ooze (3 damage)
             ... on level 2 of the Dungeon.
             The game lasted 00:04:52 (1394 turns).

An17 the Sneak (Vampire Enchanter)                  Turns: 1394, Time: 00:04:52

Health: 0/24       AC:  2    Str:  7    XL:     4   Next: 41%
Magic:  7/7        EV: 13    Int: 17    God:
Gold:   97         SH:  0    Dex: 15    Spells: 1/7 levels left

rFire    . . .     SeeInvis +   a - +1 dagger
rCold    + + .     Gourm    .   (no shield)
rNeg     + + +     Faith    .   b - +0 robe
rPois    ∞         Spirit   .   (no helmet)
rElec    .         Reflect  .   (no cloak)
rCorr    .         Harm     .   (no gloves)
MR       .....                  (no boots)
Stlth    +++++.....             (no amulet)
HPRegen  0.00/turn              (no ring)
MPRegen  0.10/turn              (no ring)

@: bloodless
A: no food, fangs 3, see invisible, unbreathing
a: Bat Form, Revivify


You were on level 2 of the Dungeon.
You were bloodless.

You visited 1 branch of the dungeon, and saw 2 of its levels.

You collected 97 gold pieces.

Inventory:

Hand Weapons
 a - a +1 dagger (weapon)
Missiles
 c - 23 poisoned darts (quivered)
Armour
 b - a +0 robe (worn)
Scrolls
 d - 2 scrolls of identify
 g - a scroll of remove curse
Potions
 e - a potion of haste


   Skills:
 + Level 0.3 Fighting
 + Level 2.1 Short Blades
 + Level 2.5 Dodging
 + Level 6.3 Stealth
 + Level 2.3 Spellcasting
 + Level 5.1 Hexes
 + Level 0.2 Ice Magic


You had one spell level left.
You knew the following spells:

 Your Spells              Type           Power        Failure   Level  Hunger
a - Corona                Hex            ###....      2%          1    N/A
b - Ensorcelled Hibernat  Hex/Ice        ##....       10%         2    N/A
c - Tukima's Dance        Hex            ###.....     7%          3    N/A

Your spell library contained the following spells:

 Spells                   Type           Power        Failure   Level  Hunger
 Confusing Touch          Hex            ###.....     7%          3    N/A
 Dazzling Flash           Conj/Hex       ##....       21%         3    N/A

Dungeon Overview and Level Annotations

Branches:
Dungeon (2/15)

Altars:


Innate Abilities, Weirdness & Mutations

You do not eat.
You do not regenerate when monsters are visible.
You are frail without blood (-20% HP).
You can heal yourself when you bite living creatures.
You are immune to poison.
You have razor-sharp teeth.
You have supernaturally acute eyesight. (SInv)
You can survive without breathing.


Message History

The ooze hits you.
You hit the ooze.
The ooze is almost dead.
The ooze barely misses you.
You hit the ooze.
You kill the ooze!
The ooze hits you.
You hit the ooze but do no damage. The ooze hits you.
* * * LOW HITPOINT WARNING * * *
You barely miss the ooze. You bite the ooze.
The ooze is lightly wounded.
The ooze closely misses you.
You hit the ooze. You bite the ooze, but do no damage.
The ooze is lightly wounded.
The ooze hits you.
* * * LOW HITPOINT WARNING * * *
You hit the ooze.
The ooze is heavily wounded.
The ooze hits you.
You die...

#.>...########### #.#
#.#.'.
#####.##÷÷.P....$ #.#
#.#.#. #.##.P......÷
#.####.#.#.
#.##.J.PJ....
#.##...#.#.
#.##.PJ.JP.PJ
#.##.#.#.#.
#.##.JJPJP.P.
#.##.#.#.+.
#.##J..÷...÷÷
#.##.#..##.
#.###'#######
#.......... #.#
##JJ@...######.#.....
########.# #.#.#...
#....'..## #.#.#...
#....#### #.#.#...
#.......# #.#.#...
#.......# #.#.##..
#.......# #.#.##.. #
#.......# ###.#.###.
#. ##.....## ##...#.#
#.


You could see 2 oozes.

Vanquished Creatures
  2 adders (D:2)
  5 oozes
  A worm (D:2)
  A dart slug (D:2)
  A leopard gecko (D:1)
  4 bats (D:1)
  A giant cockroach (D:2)
  8 goblins
  7 hobgoblins
  4 jackals (D:2)
  7 kobolds
  4 frilled lizards
  8 rats
53 creatures vanquished.

Vanquished Creatures (others)
  3 fungi (D:2)
  6 toadstools (D:2)
9 creatures vanquished.

Grand Total: 62 creatures vanquished

Notes
Turn   | Place    | Note
-------+----------+-------------------------------------------
     0 | D:1      | An17 the Vampire Enchanter began the quest for the Orb.
     0 | D:1      | Reached XP level 1. HP: 13/13 MP: 3/3
   138 | D:1      | Reached XP level 2. HP: 19/19 MP: 5/5
   142 | D:1      | Learned a level 2 spell: Ensorcelled Hibernation
   163 | D:1      | Reached skill level 5 in Stealth
   316 | D:1      | Reached XP level 3. HP: 23/24 MP: 6/6
   321 | D:1      | Learned a level 3 spell: Tukima's Dance
   884 | D:2      | Reached skill level 6 in Stealth
   908 | D:2      | Reached XP level 4. HP: 18/24 MP: 2/7
  1027 | D:2      | Reached skill level 5 in Hexes
  1394 | D:2      | Slain by an ooze

Levels and vault maps discovered:
D:1:      minmay_arrival_checkered_box, layout_basic,
          hangedman_abyss_or_decor_stabs
D:2:      cheibrodos_fertilizer, layout_basic

Skill      XL: |  1  2  3  4 |
---------------+-------------+-----
Stealth        | 5 6 |  6.3
Hexes          | 5 |  5.1
Short Blades   | 2 |  2.1
Fighting       | |  0.3
Dodging        | |  2.5
Spellcasting   | |  2.3
Ice Magic      | |  0.2

Action                   |  1- 3 |  4- 6 || total
-------------------------+-------+-------++-------
Melee: Dagger            |   115 |    77 ||   192
       Bite              |     7 |    13 ||    20
 Cast: Ensorcelled Hiber |     6 |     5 ||    11
 Abil: Exsanguinate      |     1 |       ||     1
  Use: Scroll            |     7 |     3 ||    10
       Potion            |     1 |       ||     1
 Stab: Sleeping          |    16 |     4 ||    20
       Distracted        |     1 |       ||     1
Armor: Robe              |    16 |    13 ||    29
Dodge: Dodged            |    66 |    38 ||   104

Table legend:
 A = Non-vault XP
 B = Vault XP
 C = Vault XP percentage of total XP
 D = Non-vault monster count
 E = Vault monster count
 F = Vault count percentage of total count
                 A         B        C        D         E       F
            +---------+---------+-------+---------+---------+-------
      Total |     109 |      29 |  21.0 |      45 |       8 |  15.1
            +---------+---------+-------+---------+---------+-------
        D:1 |      51 |       0 |   0.0 |      30 |       0 |   0.0
        D:2 |      58 |      29 |  33.3 |      15 |       8 |  34.8
            +---------+---------+-------+---------+---------+-------
